 Dungeon Sprint DCSS version 0.20.1-1-g8b1a95d (webtiles) character file.

676 potatolord6000 the Summoner (level 7, -5/90 HPs)
             Began as a Demonspawn Summoner on Aug 30, 2017.
             Was an Elder of Sif Muna.
             Slain by an orc knight
             ... wielding a cursed +0 dire flail
              (17 damage)
             ... in the Dungeon (Sprint VII: "The Pits").
             The game lasted 00:06:07 (1026 turns).

potatolord6000 the Summoner (Demonspawn Summoner)   Turns: 1026, Time: 00:06:07

Health: -5/90      AC:  2    Str: 13    XL:     7   Next: 33%
Magic:  8/17       EV: 16    Int: 19    God:    Sif Muna [****..]
Gold:   0          SH:  0    Dex: 13    Spells: 5/20 levels left

rFire    + . .     SeeInvis +   f - +0 quarterstaff (speed)
rCold    . . .     Gourm    .   (shield currently unavailable)
rNeg     . . .     Faith    .   a - +0 robe
rPois    .         Spirit   .   (helmet unavailable)
rElec    .         Reflect  .   (no cloak)
rCorr    .         Harm     .   (no gloves)
MR       .....     NoTele   +   (no boots)
Stlth    ..........             (no amulet)
Regen    0.3/turn               (no ring)
MPRegen  0.2/turn               (no ring)

@: berserking (expiring), very quick
A: antennae 3, demonic guardian 1, fire resistance 1
a: Divine Energy, Channel Magic, Forget Spell, Renounce Religion


You were in the Dungeon.
You worshipped Sif Muna.
Sif Muna was greatly pleased with you.
You were very full.

You visited 1 branch

Inventory:

Hand Weapons
 f - a +0 quarterstaff of speed (weapon)
Armour
 a - a +0 robe (worn)
Scrolls
 i - a scroll of blinking
 l - 3 scrolls of remove curse
 m - 5 scrolls of amnesia
 n - a scroll of summoning
Potions
 d - 6 potions of curing
 e - 5 potions of heal wounds
 g - 3 potions of magic
 h - 2 potions of berserk rage
Books
 b - a book of Callings

   Spells                             Type                      Level
   a - Summon Small Mammal            Summoning                    1
   b - Call Imp                       Summoning                    2
   c - Call Canine Familiar           Summoning                    3
   d - Summon Guardian Golem          Hexes/Summoning              3
   e - Summon Lightning Spire         Summoning/Air                4
   f - Summon Ice Beast               Ice/Summoning                4
Comestibles
 c - 8 bread rations
 o - 40 fruits
 p - 5 meat rations


   Skills:
 + Level 7.1 Fighting
 + Level 6.2 Staves
 + Level 6.9 Dodging
 - Level 1.7 Stealth
 + Level 7.0 Spellcasting
 + Level 8.2 Summonings


You had 5 spell levels left.
You knew the following spells:

 Your Spells              Type           Power        Failure   Level  Hunger
a - Summon Small Mammal   Summ           ####         1%          1    None
b - Call Canine Familiar  Summ           #####...     1%          3    #......
c - Summon Ice Beast      Ice/Summ       ###.....     19%         4    ###....
d - Summon Lightning Spi  Summ/Air       ###.....     19%         4    ###....
e - Summon Guardian Gole  Hex/Summ       ###.....     5%          3    #......


Dungeon Overview and Level Annotations

Branches:
Dungeon (1/1)

Altars:
Ashenzari
Cheibriados
Dithmenos
Elyvilon
Fedhas
Gozag
Hepliaklqana
Kikubaaqudgha
Makhleb
Nemelex Xobeh
Okawaru
Qazlal
Ru
Sif Muna
Trog
Uskayaw
Vehumet
Xom
Yredelemnul
Zin
The Shining One
Beogh
Jiyva
Lugonu


Innate Abilities, Weirdness & Mutations

You have a pair of large antennae on your head. (SInv)
A weak demonic guardian rushes to your aid.
Your flesh is heat resistant. (rF+)


Message History

You thump the orc knight!
The orc knight is heavily wounded.
The orc warrior barely misses you. The orc knight misses you.
You hit the orc knight.
The orc knight is heavily wounded.
You hit the orc knight but do no damage.
The orc knight is heavily wounded.
You completely miss the orc knight.
The orc knight is heavily wounded.
The orc warrior hits you from afar with a halberd!!!
* * * LOW HITPOINT WARNING * * *
The orc knight hits you with a dire flail!
* * * LOW HITPOINT WARNING * * *
You hit the orc knight but do no damage.
The orc knight is heavily wounded.
You thump the orc knight!
The orc knight is severely wounded.
The orc warrior closely misses you.
The orc knight hits you with a dire flail!
You die...

#.#..#####(##.......#
#.#..†...#.##.......#
#.#..†...))##.......#
#.#..########...<...#
#.#..'.)))[##.......#
#.#.)#.)))[##.......#
#'###########.......#
#.......#..##########
#8......#@## ###
#÷..#...#o# ...#
#..###..#o#..o.#
#...#...#)).t..+
#.......#'#....#
#.......÷.#....#
########### ####


You could see an orc knight and an orc warrior.

Vanquished Creatures
  A deep elf mage (D)
  A worker ant (D)
  An adder (D)
  An ooze (D)
  An orc (D)
5 creatures vanquished.

Vanquished Creatures (collateral kills)
  A redback (D)
  A fire bat (D)
  A crocodile (D)
  A quasit (D)
  A gnoll shaman (D)
  2 iguanas (D)
  4 gnolls (D)
  An adder (D)
  A white imp (D)
  2 orcs (D)
  A giant cockroach (D)
  2 jackals (D)
  2 kobolds (D)
  A quokka zombie (D)
21 creatures vanquished.

Grand Total: 26 creatures vanquished

Notes
Turn   | Place    | Note
-------+----------+-------------------------------------------
     0 | D        | potatolord6000 the Demonspawn Summoner began the quest for the Orb.
     0 | D        | Reached XP level 1. HP: 13/13 MP: 3/3
    28 | D        | Reached skill level 1 in Fighting
    63 | D        | Found a bloodstained altar of Trog.
    63 | D        | Found a deep blue altar of Sif Muna.
    63 | D        | Found a viscous altar of Jiyva.
    63 | D        | Found a hazy altar of Hepliaklqana.
    63 | D        | Found an opulent altar of Gozag.
    64 | D        | Found a glowing golden altar of the Shining One.
    64 | D        | Found a glowing silver altar of Zin.
    64 | D        | Found a basalt altar of Yredelemnul.
    64 | D        | Found a shimmering altar of Xom.
    64 | D        | Found a sacrificial altar of Ru.
    64 | D        | Found a stormy altar of Qazlal.
    64 | D        | Found an iron altar of Okawaru.
    64 | D        | Found a sparkling altar of Nemelex Xobeh.
    64 | D        | Found a burning altar of Makhleb.
    64 | D        | Found a blossoming altar of Fedhas.
    64 | D        | Found a white marble altar of Elyvilon.
    64 | D        | Found a shadowy altar of Dithmenos.
    64 | D        | Found a snail-covered altar of Cheibriados.
    67 | D        | Found a corrupted altar of Lugonu.
    67 | D        | Found a radiant altar of Vehumet.
    67 | D        | Found a roughly hewn altar of Beogh.
    68 | D        | Found an ancient bone altar of Kikubaaqudgha.
    68 | D        | Found a hide-covered altar of Uskayaw.
    68 | D        | Found a shattered altar of Ashenzari.
    69 | D        | Became a worshipper of Sif Muna the Loreminder
   121 | D        | Noticed a worker ant
   180 | D        | Killed a worker ant
   180 | D        | Reached skill level 1 in Staves
   180 | D        | Gained mutation: You have a pair of small antennae on your head. [demonic ancestry]
   180 | D        | Reached XP level 2. HP: 23/23 MP: 1/6
   180 | D        | Gained mutation: A weak demonic guardian rushes to your aid. [demonic ancestry]
   180 | D        | Reached XP level 3. HP: 28/28 MP: 1/7
   193 | D        | Reached skill level 5 in Summonings
   212 | D        | Learned a level 3 spell: Call Canine Familiar
   228 | D        | Reached * piety under Sif Muna
   296 | D        | Noticed a deep elf mage
   421 | D        | Killed a deep elf mage
   421 | D        | Reached ** piety under Sif Muna
   421 | D        | Reached skill level 5 in Staves
   421 | D        | Reached skill level 7 in Summonings
   421 | D        | Gained mutation: You have a pair of antennae on your head. [demonic ancestry]
   421 | D        | Reached XP level 4. HP: 30/40 MP: 3/12
   421 | D        | Gained mutation: You have a pair of large antennae on your head. (SInv) [demonic ancestry]
   421 | D        | Reached XP level 5. HP: 34/46 MP: 3/13
   421 | D        | Reached XP level 6. HP: 39/52 MP: 3/15
   519 | D        | Learned a level 4 spell: Summon Ice Beast
   524 | D        | Learned a level 4 spell: Summon Lightning Spire
   530 | D        | Learned a level 3 spell: Summon Guardian Golem
   567 | D        | Reached *** piety under Sif Muna
   754 | D        | Noticed a redback
   757 | D        | Killed a redback
   924 | D        | Gained mutation: Your flesh is heat resistant. (rF+) [demonic ancestry]
   924 | D        | Reached XP level 7. HP: 59/59 MP: 5/16
   998 | D        | Noticed a fire bat
   998 | D        | Noticed an orc knight
  1000 | D        | Killed a fire bat
  1000 | D        | Reached skill level 8 in Summonings
  1002 | D        | Reached **** piety under Sif Muna
  1026 | D        | Slain by an orc knight

Skill      XL: |  1  2  3  4  5  6  7 |
---------------+----------------------+-----
Fighting       | 2 6 7 |  7.1
Dodging        | 3 6 |  6.9
Staves         | 1 5 6 |  6.2
Spellcasting   | 3 6 7 |  7.0
Summonings     | 7 8 |  8.2
Stealth        | |  1.7

Action                   |  1- 3 |  4- 6 |  7- 9 || total
-------------------------+-------+-------+-------++-------
Melee: Quarterstaff      |    23 |       |    10 ||    33
 Cast: Summon Small Mamm |    17 |       |       ||    17
       Call Canine Famil |     3 |     4 |     2 ||     9
       Summon Ice Beast  |       |     9 |     4 ||    13
       Summon Lightning  |       |     1 |       ||     1
  Use: Potion            |     4 |       |     2 ||     6
 Stab: Invisible         |     4 |       |       ||     4
       Sleeping          |     1 |       |       ||     1
  Eat: Meat ration       |       |     2 |       ||     2
Armor: Robe              |     1 |     2 |       ||     3
Dodge: Dodged            |    11 |     3 |     9 ||    23
